AoeStats
← Adrijiga

MegaRandom

508106518Analyzed
3v3 RM · 12d ago on Sep 20, 2026· 54m 56s· 6 players
Game mode
Random Map
Map size
Normal (6 player)
Population
200
Speed
Normal
Resources
Standard
Victory
Conquest
Starting age
Dark Age
Ending age
Imperial Age
RankedLock teamsTeams togetherTeam positionsShared explorationLock speedFull tech treeHidden civsTurbo modeCheats
Victory
Defeat
🇨🇦 Sicilians · Canada
1410
+17
🇺🇸 Georgians · United States
1368
+19
🇪🇸 Hindustanis · Spain
1367
+19
🇲🇽 Maya · Mexico
1489
-21
🇲🇽 Shu · Mexico
1405
-17
🇨🇴 Ethiopians · Colombia
1403
-17
Corsica
0:34 Loom
11:04 Feudal Age
13:36 Horse Collar
13:42 Double-Bit Axe
16:06 Castle Age
14:44 Double-Bit Axe
17:12 Bow Saw
17:03 Heavy Plow
18:17 Town Watch
20:25 Wheelbarrow
22:55 Scale Mail Armor
23:29 Gold Mining
23:30 Stone Mining
26:37 Fletching
27:58 Forging
28:41 Hand Cart
32:12 Imperial Age
30:33 First Crusade
31:05 Chain Mail Armor
31:40 Iron Casting
32:44 Squires
32:30 Arson
32:31 Gambesons
32:27 Capped Ram
33:38 Plate Mail Armor
34:09 Blast Furnace
33:29 Siege Ram
34:22 Elite Serjeant
35:22 Conscription
35:11 Scale Barding Armor
36:10 Light Cavalry
37:01 Bloodlines
36:51 Husbandry
37:13 Chain Barding Armor
38:37 Plate Barding Armor
37:56 Heavy Scorpion
39:39 Chemistry
40:01 Siege Engineers
43:23 Ballistics
47:37 Cavalier
Queens_StoneAge
3:42 Loom
10:25 Feudal Age
14:04 Stone Mining
17:18 Castle Age
15:57 Double-Bit Axe
16:16 Horse Collar
30:23 Imperial Age
32:23 Guard Tower
32:53 Ballistics
32:32 Fletching
34:14 Svan Towers
35:03 Keep
34:07 Pikeman
37:42 Squires
38:06 Bodkin Arrow
38:39 Onager
40:31 Halberdier
43:31 Siege Onager
47:56 Siege Engineers
48:54 Chemistry
Adrijiga
0:30 Loom
9:23 Feudal Age
14:35 Castle Age
13:41 Double-Bit Axe
15:47 Wheelbarrow
16:07 Bow Saw
19:59 Hand Cart
19:32 Horse Collar
20:17 Town Watch
20:49 Heavy Plow
26:56 Gold Mining
27:01 Stone Mining
30:14 Imperial Age
28:23 Gold Shaft Mining
28:00 Forging
28:32 Grand Trunk Road
28:36 Scale Mail Armor
29:02 Ballistics
28:55 Careening
28:55 Clinker Construction
29:18 Fletching
29:49 Medium Warships
30:10 Bodkin Arrow
31:21 Iron Casting
32:07 Chemistry
31:10 Bracer
31:39 Heavy Warships
31:42 Conscription
33:10 Blast Furnace
32:22 Bloodlines
32:13 Husbandry
32:33 Scale Barding Armor
32:51 Light Cavalry
33:33 Town Patrol
33:42 Hussar
35:50 Elite Cannon Galleon
37:10 Chain Mail Armor
37:16 Chain Barding Armor
36:55 Elite Skirmisher
37:37 Padded Archer Armor
39:31 Plate Barding Armor
41:46 Leather Archer Armor
42:22 Elite Ghulam
44:10 Stone Shaft Mining
46:33 Heavy Camel Rider
48:39 Ring Archer Armor
48:37 Imperial Camel Rider
53:58 Coinage
55:09 Banking
Nataly_
0:35 Loom
8:21 Feudal Age
8:24 Man-at-Arms
8:52 Double-Bit Axe
13:31 Wheelbarrow
18:10 Castle Age
16:35 Horse Collar
17:43 Fletching
19:12 Bow Saw
19:19 Bodkin Arrow
18:45 Crossbowman
22:41 Padded Archer Armor
27:31 Gold Mining
31:15 Imperial Age
29:32 Ballistics
32:18 Bracer
31:39 Arbalester
32:38 Thumb Ring
34:29 Leather Archer Armor
36:03 Conscription
40:06 Caravan
40:40 Ring Archer Armor
OM | Romeo D. Sins
0:26 Loom
8:43 Feudal Age
9:23 Double-Bit Axe
16:46 Castle Age
14:35 Horse Collar
16:11 Gold Mining
17:56 Bow Saw
17:47 Heavy Plow
18:54 Wheelbarrow
22:32 Town Watch
24:04 Stone Mining
27:27 Imperial Age
25:24 Fletching
25:36 Padded Archer Armor
26:20 Bodkin Arrow
27:01 Leather Archer Armor
27:43 Stone Shaft Mining
28:13 Bracer
28:37 Conscription
29:04 Ring Archer Armor
29:04 Scale Mail Armor
30:16 Chemistry
30:11 Ballistics
30:04 Town Patrol
30:36 Elite Plumed Archer
33:31 Squires
33:16 Arson
32:52 Eagle Warrior
33:44 Forging
33:35 Scale Mail Armor
33:30 Treadmill Crane
33:57 Murder Holes
34:28 Thumb Ring
35:48 Iron Casting
35:28 Chain Mail Armor
34:36 Elite Eagle Warrior
36:11 Holcans
37:44 Blast Furnace
38:17 Plate Mail Armor
40:03 Hand Cart
40:32 Masonry
40:59 Hoardings
50:26 Caravan
52:26 Pikeman
OM | ingjuanpalencia
6:02 Loom
8:29 Feudal Age
10:15 Gold Mining
14:53 Castle Age
13:37 Double-Bit Axe
14:11 Fletching
14:15 Gold Mining
15:51 Bow Saw
15:25 Crossbowman
18:57 Horse Collar
20:03 Wheelbarrow
28:20 Hand Cart
30:51 Gold Shaft Mining
34:05 Imperial Age
32:02 Thumb Ring
32:32 Bodkin Arrow
33:32 Stone Mining
34:04 Squires
34:07 Padded Archer Armor
34:31 Ballistics
34:24 Town Watch
34:29 Heavy Cavalry Archer
34:31 Arbalester
35:13 Halberdier
37:19 Chemistry
36:32 Heavy Plow
36:52 Bracer
36:55 Scale Mail Armor
38:30 Two-Man Saw
38:03 Leather Archer Armor
38:05 Chain Mail Armor
39:00 Town Patrol
39:38 Torsion Engines
40:04 Conscription
41:11 Ring Archer Armor
40:53 Forging
42:53 Siege Engineers
43:19 Plate Mail Armor
43:26 Iron Casting
44:04 Sappers
45:36 Blast Furnace
Connection lost

Rejoining the realm…

Still unreachable

The connection could not be restored.

Session expired

The server has moved on; the page needs a fresh start.